AoeStats
← MOPPA BA (Hons)

Lombardia

507826485Analyzed
3v3 RM · 12d ago on Sep 19, 2026· 38m 29s· 6 players
Game mode
Random Map
Map size
Normal (6 player)
Population
200
Speed
Normal
Resources
Standard
Victory
Conquest
Starting age
Dark Age
Ending age
Imperial Age
RankedLock teamsTeams togetherTeam positionsShared explorationLock speedFull tech treeHidden civsTurbo modeCheats
Victory
Defeat
🇨🇴 Mongols · Colombia
1407
+18
🇺🇸 Ethiopians · United States
1393
+19
🇭🇰 Dravidians · Hong Kong SAR China
1386
+19
🇬🇧 Burmese · United Kingdom
1503
-20
🇬🇧 Koreans · United Kingdom
1501
-21
🇬🇧 Franks · United Kingdom
1369
-15
alexgelas
4:39 Loom
10:37 Feudal Age
12:07 Double-Bit Axe
14:41 Wheelbarrow
16:31 Fletching
22:32 Castle Age
20:30 Horse Collar
21:38 Padded Archer Armor
21:29 Gold Mining
22:34 Crossbowman
23:10 Bodkin Arrow
23:35 Leather Archer Armor
23:36 Bow Saw
25:18 Scale Mail Armor
25:56 Ballistics
26:31 Thumb Ring
30:19 Hand Cart
30:49 Stone Mining
31:54 Husbandry
31:14 Light Cavalry
33:39 Scale Barding Armor
36:33 Imperial Age
33:50 Town Watch
36:37 Arbalester
37:20 Bracer
39:03 Chemistry
What's your ETA?
9:53 Loom
11:39 Feudal Age
17:42 Castle Age
15:42 Double-Bit Axe
15:56 Horse Collar
18:42 Bow Saw
18:33 Heavy Plow
25:10 Wheelbarrow
24:21 Town Watch
26:00 Gold Mining
26:03 Stone Mining
28:34 Hand Cart
29:46 Fletching
29:57 Padded Archer Armor
32:46 Imperial Age
30:29 Bodkin Arrow
30:49 Medical Corps
31:18 Thumb Ring
31:43 Husbandry
32:39 Leather Archer Armor
33:48 Bracer
34:19 Ring Archer Armor
34:00 Elite Elephant Archer
36:08 Siege Elephant
[Tunjos]Acordeon
5:50 Loom
8:22 Feudal Age
12:05 Double-Bit Axe
12:03 Horse Collar
18:21 Scale Barding Armor
20:36 Forging
24:35 Castle Age
24:25 Gold Mining
27:06 Wheelbarrow
26:43 Bow Saw
27:12 Fletching
27:56 Thumb Ring
28:31 Bodkin Arrow
28:58 Town Watch
30:18 Padded Archer Armor
32:00 Leather Archer Armor
37:04 Town Patrol
JustRightCereal
6:43 Loom
8:39 Feudal Age
17:46 Castle Age
16:18 Horse Collar
16:49 Stone Mining
19:40 Scale Barding Armor
21:50 Padded Archer Armor
26:25 Husbandry
26:39 Bloodlines
26:51 Gold Mining
29:11 Wheelbarrow
28:22 Town Watch
28:38 Heavy Plow
36:00 Imperial Age
36:54 Elite Arambai
38:46 Crop Rotation
38:36 Hand Cart
MOPPA BA (Hons)
9:15 Feudal Age
9:44 Loom
10:53 Double-Bit Axe
19:06 Wheelbarrow
22:41 Castle Age
21:09 Scale Barding Armor
24:46 Bow Saw
27:02 Gold Mining
36:34 Hand Cart
38:48 Forging
Clink
7:16 Loom
9:24 Feudal Age
10:25 Loom
12:09 Double-Bit Axe
12:06 Horse Collar
14:40 Fletching
23:54 Castle Age
23:59 Crossbowman
24:35 Bodkin Arrow
27:36 Bow Saw
28:05 Wheelbarrow
30:02 Ballistics
38:08 Imperial Age
38:24 Imperial Age
36:22 Thumb Ring
Connection lost

Rejoining the realm…

Still unreachable

The connection could not be restored.

Session expired

The server has moved on; the page needs a fresh start.